AoeStats
← ☣Mardo☣

African Clearing

510551479Analyzed
2v2 RM · 1d ago on Oct 1, 2026· 41m 30s· 4 players
Game mode
Random Map
Map size
Medium (4 player)
Population
200
Speed
Normal
Resources
Standard
Victory
Conquest
Starting age
Dark Age
Ending age
Imperial Age
RankedLock teamsTeams togetherTeam positionsShared explorationLock speedFull tech treeHidden civsTurbo modeCheats
Victory
Defeat
🇸🇰 Jurchens · Slovakia
998
+14
🇨🇿 Romans · Czechia
997
+14
🇩🇪 Khitans · Germany
976
-15
🇩🇪 Vietnamese · Germany
927
-13
LeitW0LF
12:43 Feudal Age
13:37 Double-Bit Axe
14:38 Gold Mining
15:58 Wheelbarrow
16:00 Fletching
16:46 Padded Archer Armor
18:44 Forging
26:04 Castle Age
24:43 Scale Mail Armor
26:09 Pikeman
27:27 Iron Casting
29:29 Crossbowman
35:35 Hand Cart
35:22 Bodkin Arrow
40:17 Stone Mining
40:43 Bow Saw
Mr.Herzberg
10:50 Loom
14:46 Feudal Age
15:16 Domestication
15:29 Double-Bit Axe
24:07 Castle Age
23:04 Scale Barding Armor
23:09 Forging
29:43 Pikeman
33:53 Chain Barding Armor
34:10 Iron Casting
ElaRyer
4:47 Loom
14:34 Feudal Age
15:15 Double-Bit Axe
21:27 Fletching
21:39 Scale Mail Armor
27:38 Castle Age
27:55 Horse Collar
29:26 Man-at-Arms
30:37 Heavy Plow
30:56 Bodkin Arrow
30:42 Long Swordsman
31:55 Bow Saw
36:12 Scale Barding Armor
36:20 Bloodlines
40:09 Wheelbarrow
☣Mardo☣
8:44 Loom
13:33 Feudal Age
18:15 Castle Age
18:47 Bloodlines
28:29 Horse Collar
30:38 Wheelbarrow
32:57 Scale Barding Armor
33:03 Forging
35:35 Iron Casting
39:03 Hand Cart
39:16 Chain Barding Armor
42:59 Imperial Age
40:17 Town Watch
41:13 Murder Holes
40:59 Treadmill Crane
Connection lost

Rejoining the realm…

Still unreachable

The connection could not be restored.

Session expired

The server has moved on; the page needs a fresh start.